Map: Babylon LE

Players

winzboy - Winner!

  • Race: Protoss Protoss
  • Spawn Location: 11:00

VOD

Have the link to the VOD?

Description

Time

  • Played on: May 20, 2023, 2:54 a.m.
  • Length: 20:10
Show
View Real Time Build Order
Export as new Build Order

winzboy Protoss - Winner!

Build Orders:  

Get SALT Encoding   

  12  0:07  Probe (Chrono Boost)  
  13  0:22  Probe (Chrono Boost)  
  14  0:35  Pylon  
  14  0:46  Probe (Chrono Boost)  
  15  1:03  Gateway  
  15  1:09  Assimilator  
  15  1:14  Assimilator  
  15  1:15  Probe (Chrono Boost)  
  17  1:30  Probe (Chrono Boost)  
  17  1:39  Gateway  
  17  1:41  Probe (Chrono Boost)  
  18  1:53  Probe (Chrono Boost)  
  19  2:08  Probe (Chrono Boost)  
  20  2:14  Cybernetics Core  
  20  2:25  Probe (Chrono Boost)  
  21  2:47  Pylon  
  21  2:52  Probe (Chrono Boost)  
  22  3:08  Probe (Chrono Boost)  
  23  3:12  Stalker  
  25  3:24  Probe, Stalker  
  28  3:36  Pylon  
  28  3:43  Probe  
  29  4:14  Nexus  
  29  4:20  Warp Gate (Chrono Boost)  
  29  4:34  Robotics Facility  
  29  4:37  Probe  
  29  4:38  Pylon  
  30  4:54  Probe  
  31  5:02  Gateway  
  31  5:11  Probe  
  32  5:24  Stalker  
  32  5:28  Probe  
  35  5:44  Probe  
  35  5:48  Robotics Bay  
  36  6:00  Probe  
  36  6:01  Probe  
  38  6:17  Probe  
  39  6:22  Stalker  
  41  6:31  Assimilator  
  41  6:34  Probe, Assimilator  
  42  6:41  Pylon  
  42  6:45  Pylon  
  42  6:46  Pylon  
  42  6:51  Probe  
  42  6:52  Pylon  
  43  7:02  Colossus (Chrono Boost)  
  43  7:08  Probe  
  50  7:25  Probe  
  51  7:42  Probe  
  51  7:46  Gateway  
  51  7:47  Gateway  
  51  7:49  Gateway  
  52  7:59  Probe  
  53  8:00  Stalker  
  59  8:16  Probe  
  59  8:17  Immortal (Chrono Boost), Forge  
  60  8:21  Twilight Council  
  60  8:32  Probe  
  61  8:49  Probe  
  62  8:59  Stalker  
  62  9:00  Stalker x2  
  62  9:01  Stalker  
  62  9:03  Stalker  
  62  9:06  Probe  
  55  9:23  Probe  
  54  9:35  Stalker x2  
  54  9:36  Stalker  
  60  10:10  Nexus, Protoss Ground Weapons Level 1  
  60  10:13  Pylon  
  60  10:22  Assimilator  
  60  10:24  Stalker  
  60  10:25  Stalker  
  60  10:28  Assimilator  
  64  10:39  Colossus  
  70  10:44  Extended Thermal Lance (Chrono Boost)  
  70  10:47  Sentry  
  70  10:49  Sentry  
  74  10:58  Probe (Chrono Boost)  
  74  11:07  Pylon  
  75  11:11  Probe (Chrono Boost)  
  76  11:24  Probe (Chrono Boost)  
  77  11:32  Stalker x2  
  82  11:41  Probe (Chrono Boost)  
  82  11:57  Probe (Chrono Boost)  
  82  11:59  Probe (Chrono Boost)  
  84  12:00  Colossus (Chrono Boost)  
  90  12:14  Probe (Chrono Boost)  
  90  12:16  Probe (Chrono Boost)  
  93  12:31  Probe (Chrono Boost)  
  93  12:32  Probe (Chrono Boost)  
  94  12:46  Robotics Facility  
  94  12:49  Probe (Chrono Boost), Robotics Facility  
  95  12:54  Pylon  
  95  13:04  Probe (Chrono Boost)  
  95  13:05  Blink  
  96  13:10  Colossus (Chrono Boost)  
  96  13:15  Stalker  
  104  13:21  Probe  
  105  13:36  Probe (Chrono Boost)  
  106  13:40  Stalker  
  106  13:41  Stalker x3  
  106  13:49  Probe (Chrono Boost)  
  115  14:00  Probe (Chrono Boost)  
  116  14:17  Probe (Chrono Boost)  
  116  14:19  Immortal, Colossus  
  127  14:20  Colossus  
  133  14:39  Probe (Chrono Boost)  
  132  14:43  Stalker  
  126  15:00  Stalker x2  
  126  15:01  Stalker  
  132  15:19  Pylon  
  132  15:22  Pylon  
  132  15:28  Pylon  
  132  15:32  Pylon  
  132  15:44  Colossus  
  132  15:47  Colossus  
  132  15:49  Stalker  
  146  15:50  Stalker  
  146  15:53  Pylon  
  146  15:56  Pylon  
  148  16:41  Colossus  
  154  16:59  Colossus  
  160  17:01  Pylon  
  160  17:02  Colossus  
  160  17:08  Probe  
  167  17:16  Pylon  
  167  17:18  Pylon  
  167  17:21  Charge (Chrono Boost)  
  167  17:23  Pylon  
  167  17:25  Probe  
  167  17:28  Gateway  
  168  17:32  Gateway  
  168  17:33  Gateway  
  168  17:41  Robotics Facility  
  168  17:44  Robotics Facility  
  168  17:59  Stalker  
  170  18:00  Stalker x2  
  170  18:02  Stalker  
  168  19:09  Stalker  
Tags
 
Matchup
Co-op
Replay Pack
Multiplayer
Add a new tag
Caveats
  • Supply blocks, unpowered buildings, or Contaminate may cause inaccurate times.
  • Supply counts are checked every 10 seconds.